Map: Emerald City LE

Players

Massa

  • Race: Terran Terran
  • League: Gold
  • Spawn Location: 5:00

qqq

  • Race: Zerg Zerg
  • League: Platinum
  • Spawn Location: 5:00

braindamage - Winner!

  • Race: Zerg Zerg
  • League: Diamond
  • Spawn Location: 11:00

Cedd - Winner!

  • Race: Zerg Zerg
  • Spawn Location: 11:00

VOD

Have the link to the VOD?

Description

Time

  • Played on: July 30, 2020, 2:38 p.m.
  • Length: 12:53
Show
View Real Time Build Order
Export as new Build Order

Massa Terran 

Build Orders:  

Get SALT Encoding   

  12  0:01  SCV  
  13  0:13  SCV  
  14  0:19  Supply Depot  
  14  0:25  SCV  
  15  0:32  Refinery  
  15  0:41  SCV  
  16  0:47  Barracks  
  16  0:53  SCV  
  17  1:05  SCV  
  18  1:17  SCV  
  19  1:29  SCV  
  20  1:58  Reaper  
  20  2:03  Barracks  
  20  2:08  Orbital Command  
  20  2:23  Barracks  
  20  2:30  Reaper, Factory  
  20  2:32  Barracks  
  21  3:16  Marine x2  
  23  3:20  Supply Depot  
  23  3:24  Supply Depot  
  23  3:25  Supply Depot  
  23  3:41  Marine x3  
  24  3:50  Factory Tech Lab  
  24  3:51  Command Center  
  24  3:53  Factory Reactor  
  24  3:59  Marine x3  
  24  4:01  Supply Depot  
  27  4:05  Marine  
  28  4:17  Marine  
  28  4:18  SCV  
  30  4:25  Barracks Tech Lab  
  30  4:30  SCV  
  31  4:47  Marauder  
  31  4:49  Hellion  
  35  5:03  Hellion  
  37  5:09  Marauder  
  37  5:10  Hellion  
  41  5:15  Marine  
  41  5:16  Marine x2  
  41  5:20  SCV x2  
  46  5:24  Hellion  
  48  5:29  Supply Depot  
  48  5:30  Marauder  
  48  5:34  Hellion  
  52  5:37  Marine  
  52  5:38  Marine  
  54  5:45  Orbital Command  
  54  5:46  Hellion  
  56  5:51  Marauder  
  58  5:59  Hellion  
  58  6:02  Factory  
  60  6:06  Marine  
  63  6:22  SCV x2  
  63  6:34  SCV x2  
  63  6:38  Supply Depot  
  63  6:39  Barracks Tech Lab  
  65  6:46  SCV  
  64  6:51  Siege Tank  
  36  7:24  Marauder, Marine x4  
  42  7:33  Infernal Pre-Igniter  
  42  7:36  Factory Reactor  
  42  7:38  Siege Tank  
  42  7:41  Marine  
  42  7:42  Marine x3  
  49  7:45  Marauder  
  46  7:59  Marine x2  
  46  8:00  Marine x2  
  47  8:07  Marauder  
  46  8:15  SCV x2  
  46  8:17  Marine x2  
  46  8:18  Marine x2  
  52  8:23  Refinery  
  52  8:24  Hellion x2  
  56  8:27  SCV x2  
  56  8:28  Marauder  
  56  8:29  Armory  
  56  8:33  Engineering Bay  
  60  8:37  Refinery  
  60  8:39  SCV  
  61  8:46  Hellion x2  
  64  8:49  Marauder  
  64  8:51  Stimpack  
  66  9:02  Widow Mine  
  68  9:07  SCV x2, Hellion x2  
  68  9:08  Refinery  
  74  9:11  Marauder  
  76  9:19  SCV  
  76  9:20  SCV  
  78  9:28  Hellion x2  
  82  9:38  Marauder  
  84  9:39  Marine  
  85  9:47  Marine  
  86  9:58  Supply Depot  
  86  10:00  Supply Depot x2  
  86  10:02  Terran Infantry Weapons Level 1, Command Center  
  86  10:04  Supply Depot  
  86  10:05  Starport  
  86  10:10  Marine x2  
  86  10:12  Marauder  
  86  10:19  Marine x2  
  88  10:21  Supply Depot  
  88  10:28  Marine x2  
  88  10:33  Marauder  
  92  10:37  Marine x2  
  94  10:46  Marine  
  94  10:49  Concussive Shells  
  96  10:54  Marauder  
  96  10:55  Marine x2  
  97  11:03  Barracks Tech Lab  
  75  11:04  Marine  
  62  11:13  Marine x2  
  62  11:16  Marauder  
  62  11:17  Thor  
  72  11:19  Hellion  
  72  11:20  Hellion  
  72  11:22  Marine  
  77  11:31  Marine  
  78  11:37  Marauder, Medivac  
  76  11:41  Hellion x2  
  65  11:53  Marauder, Marine x2  
  65  11:54  Marine  
  66  11:59  Marauder  
  66  12:00  Thor  
  73  12:02  Hellion  
  73  12:07  Medivac  
  77  12:11  Marine x3  
  77  12:15  Marauder  
  82  12:20  Marauder  
  80  12:29  Marine  
  68  12:30  Marine  
Show
View Real Time Build Order
Export as new Build Order

qqq Zerg 

Build Orders: Hatch First 

Get SALT Encoding   

  12  0:02  Drone  
  13  0:13  Drone  
  14  0:36  Hatchery  
  13  0:49  Drone, Overlord  
  14  0:55  Extractor  
  14  0:56  Drone  
  14  1:08  Drone  
  15  1:17  Spawning Pool  
  14  1:26  Drone  
  14  1:27  Drone  
  16  1:35  Drone  
  17  1:57  Drone x2  
  17  1:59  Drone  
  20  2:05  Zergling x2  
  21  2:09  Drone  
  21  2:10  Metabolic Boost  
  21  2:15  Drone  
  23  2:22  Spine Crawler  
  22  2:36  Drone  
  23  2:38  Drone  
  23  2:39  Spine Crawler  
  23  2:41  Spine Crawler  
  23  2:44  Drone  
  23  2:55  Drone x2  
  23  2:56  Drone  
  23  2:57  Zergling x2  
  27  3:07  Drone  
  27  3:09  Overlord  
  28  3:14  Baneling Nest  
  28  3:18  Zergling x2  
  28  3:27  Queen  
  28  3:29  Zergling x2  
  28  3:30  Drone x2  
  28  3:33  Queen  
  35  3:38  Drone  
  35  4:02  Zergling x4  
  36  4:05  Baneling  
  36  4:06  Baneling  
  36  4:07  Overlord  
  36  4:09  Baneling x2  
  36  4:20  Overlord  
  36  4:27  Hatchery  
  35  4:34  Hatchery  
  35  4:37  Zergling x2  
  35  4:38  Zergling x8  
  39  4:52  Zergling x2  
  40  4:54  Drone x4  
  44  5:10  Baneling x2  
  44  5:11  Baneling  
  44  5:27  Zergling x4  
  44  5:28  Drone x3, Zergling x2  
  50  5:40  Zergling x2  
  51  5:42  Lair  
  51  5:43  Roach Warren  
  50  5:57  Baneling x4  
  50  5:58  Baneling  
  50  5:59  Baneling x6  
  50  6:06  Drone  
  50  6:07  Drone x5  
  50  6:08  Drone  
  50  6:09  Extractor  
  50  6:10  Drone  
  57  6:13  Hatchery  
  52  6:25  Hatchery  
  47  6:29  Zergling x2  
  47  6:30  Zergling x2  
  47  6:31  Roach x5  
  58  6:33  Drone  
  58  6:35  Drone  
  60  6:43  Roach  
  62  6:53  Roach  
  62  6:54  Drone x4  
  62  6:56  Overlord x2  
  64  7:14  Overlord x3  
  64  7:15  Overlord  
  63  7:16  Drone x4  
  61  7:37  Roach  
  61  7:38  Roach x3  
  61  7:39  Roach x6  
  61  7:40  Zergling x2  
  78  7:44  Spine Crawler  
  78  7:47  Spine Crawler  
  78  7:48  Drone x2  
  72  8:01  Roach x2  
  72  8:02  Roach x3  
  72  8:03  Roach  
  79  8:14  Drone x2  
  79  8:15  Drone x6  
  87  8:30  Spine Crawler  
  87  8:31  Spore Crawler  
  85  8:36  Drone x2  
  85  8:40  Spire  
  86  8:49  Hatchery  
  84  9:06  Spine Crawler  
  84  9:07  Spine Crawler  
  84  9:09  Drone x3  
  86  9:10  Drone x6, Spine Crawler  
  86  9:11  Drone  
  91  9:28  Hatchery  
  91  9:29  Spine Crawler  
  89  9:33  Roach  
  89  9:34  Roach x5  
  89  9:35  Drone x4  
  89  9:36  Drone  
  106  9:47  Hydralisk Den  
  105  9:53  Spore Crawler  
  105  9:54  Spore Crawler  
  105  9:56  Mutalisk  
  105  9:57  Spore Crawler  
  105  9:58  Mutalisk  
  105  9:59  Drone x3  
  110  10:00  Drone x3  
  110  10:01  Drone  
  110  10:02  Spore Crawler  
  112  10:08  Spore Crawler x2  
  110  10:18  Drone, Roach x2  
  110  10:19  Drone x3  
  86  10:39  Mutalisk  
  86  10:41  Hydralisk  
  84  10:55  Extractor  
  71  10:57  Extractor  
  66  11:12  Hatchery x2  
  66  11:14  Hatchery  
  66  11:15  Hatchery  
  62  11:20  Drone x3  
  65  11:29  Hatchery  
  64  11:35  Mutalisk x3  
  64  11:47  Drone x3  
  64  11:48  Drone x5, Lurker Den  
  64  11:51  Hatchery  
  55  11:54  Zergling x2  
  55  11:55  Drone  
  56  12:04  Hydralisk  
  56  12:06  Drone  
  56  12:07  Drone  
  56  12:08  Hydralisk  
  58  12:29  Hydralisk x2, Zergling x2  
  60  12:30  Zergling x6  
  60  12:31  Zergling x12  
  68  12:37  Drone x2  
  70  12:46  Lurker x2  
Show
View Real Time Build Order
Export as new Build Order

braindamage Zerg - Winner!

Build Orders: Hatch First 

Get SALT Encoding   

  12  0:02  Drone  
  13  0:11  Drone  
  14  0:17  Overlord  
  14  0:27  Extractor  
  13  0:28  Drone  
  13  0:29  Extractor, Drone  
  16  0:39  Drone  
  17  0:46  Drone  
  18  1:01  Hatchery  
  17  1:04  Drone  
  18  1:13  Drone  
  19  1:20  Extractor, Drone  
  19  1:24  Spawning Pool  
  18  1:31  Drone  
  19  1:41  Drone  
  19  2:02  Drone x2  
  21  2:12  Drone, Queen  
  21  2:14  Queen  
  21  2:15  Overlord  
  26  2:27  Metabolic Boost  
  26  2:29  Drone  
  28  2:30  Drone  
  28  2:34  Drone  
  28  2:35  Drone  
  30  2:44  Drone  
  30  2:45  Drone  
  32  3:08  Spine Crawler  
  31  3:16  Drone  
  31  3:17  Zergling x8  
  36  3:29  Overlord  
  36  4:09  Drone  
  37  4:10  Drone x7  
  37  4:11  Roach Warren  
  37  4:12  Overlord  
  37  4:14  Overlord  
  43  4:17  Overlord  
  43  4:27  Evolution Chamber  
  43  4:28  Evolution Chamber  
  43  4:29  Extractor, Drone x2  
  42  4:31  Extractor  
  42  4:33  Spore Crawler  
  42  4:35  Spore Crawler  
  39  4:57  Drone  
  39  4:58  Drone x7  
  46  5:14  Zerg Missile Weapons Level 1  
  46  5:15  Zerg Ground Armor Level 1  
  46  5:19  Lair  
  46  5:21  Drone x2  
  47  5:22  Drone x4  
  52  5:30  Queen  
  54  5:44  Hatchery  
  54  5:49  Drone x3, Baneling Nest  
  59  5:50  Drone x5  
  60  6:12  Roach  
  60  6:13  Roach  
  60  6:14  Roach  
  65  6:23  Roach  
  65  6:24  Roach  
  67  6:30  Overlord x4  
  67  6:35  Roach  
  67  6:37  Roach  
  60  6:49  Roach x4  
  60  6:50  Roach x3  
  71  7:00  Roach x2  
  69  7:23  Drone x5  
  69  7:24  Drone  
  73  7:43  Glial Reconstitution  
  73  7:48  Hatchery  
  70  8:13  Roach x4  
  70  8:14  Roach x5  
  70  8:18  Zerg Ground Armor Level 2, Zerg Missile Weapons Level 2  
  88  8:27  Drone x2  
  90  8:36  Extractor, Centrifical Hooks  
  90  8:40  Extractor  
  88  8:43  Drone  
  88  8:44  Drone, Infestation Pit  
  89  8:52  Drone  
  89  8:53  Drone x6  
  96  9:01  Queen  
  98  9:12  Hatchery  
  97  9:24  Spore Crawler  
  96  9:26  Spine Crawler  
  96  9:28  Spine Crawler  
  96  9:29  Spore Crawler  
  96  9:30  Drone, Spine Crawler  
  93  9:31  Spine Crawler  
  93  9:34  Roach  
  93  9:35  Overlord, Roach x6  
  93  9:36  Overlord x4  
  106  9:53  Queen x2  
  106  9:55  Roach  
  106  9:56  Roach x6  
  106  9:57  Drone x2  
  112  10:26  Queen  
  104  10:32  Hive  
  106  10:35  Roach  
  106  10:36  Roach x11  
  106  12:05  Drone x2  
  106  12:06  Drone x14  
  122  12:09  Spore Crawler  
  122  12:11  Spore Crawler  
  122  12:12  Spore Crawler  
  122  12:13  Spine Crawler  
  122  12:14  Spore Crawler  
  122  12:15  Spore Crawler  
  116  12:18  Spore Crawler  
  116  12:19  Spore Crawler  
  114  12:22  Extractor  
  114  12:25  Spine Crawler  
  114  12:26  Spine Crawler  
Show
View Real Time Build Order
Export as new Build Order

Cedd Zerg - Winner!

Build Orders: Hatch First 

Get SALT Encoding   

  12  0:01  Drone  
  13  0:10  Drone  
  14  0:24  Overlord  
  14  0:29  Extractor x2  
  14  0:31  Drone x2  
  16  0:43  Drone  
  16  0:46  Drone  
  18  1:08  Hatchery  
  17  1:18  Drone, Spawning Pool  
  17  1:19  Drone  
  17  1:22  Drone  
  19  1:30  Extractor  
  19  1:31  Drone, Extractor  
  18  1:40  Overlord  
  18  1:57  Drone  
  19  2:04  Queen  
  21  2:13  Zergling x2  
  22  2:16  Drone  
  22  2:18  Metabolic Boost  
  23  2:24  Drone x2  
  25  2:31  Drone  
  25  2:34  Drone  
  27  2:54  Drone x3  
  27  2:56  Zergling x2  
  31  3:04  Zergling x2  
  31  3:12  Zergling x2  
  32  3:16  Overlord  
  32  3:20  Zergling x2  
  32  3:31  Zergling x4  
  34  3:42  Drone x5  
  38  4:05  Hatchery, Drone  
  38  4:06  Overlord  
  38  4:18  Hatchery  
  35  4:37  Drone x2  
  36  4:42  Zergling x2  
  36  4:46  Baneling Nest  
  35  4:54  Lair  
  35  4:57  Drone x2  
  35  4:58  Drone x2, Evolution Chamber  
  35  4:59  Evolution Chamber  
  37  5:12  Spore Crawler  
  36  5:17  Queen  
  36  5:19  Drone  
  39  5:23  Spore Crawler  
  39  5:26  Zerg Melee Weapons Level 1, Zerg Ground Armor Level 1  
  39  5:28  Drone x2  
  39  5:29  Drone  
  41  5:38  Zergling x2  
  41  5:39  Zergling x4  
  44  5:44  Drone x2, Spore Crawler  
  45  5:51  Centrifical Hooks  
  45  5:53  Baneling  
  45  5:54  Baneling  
  45  5:56  Zergling x2  
  46  6:02  Baneling x2  
  46  6:03  Baneling x4  
  46  6:06  Zergling x4  
  48  6:14  Zergling x6  
  49  6:30  Baneling  
  49  6:31  Baneling x3  
  49  6:32  Zergling x8  
  53  6:34  Baneling x2  
  53  6:35  Baneling x2  
  53  6:36  Baneling x2  
  53  6:37  Zergling x10  
  58  6:45  Roach Warren  
  58  6:46  Zergling x2  
  51  7:17  Zergling x2  
  51  7:18  Zergling x14  
  51  7:19  Zergling x6  
  53  7:26  Overlord x3  
  53  7:28  Pneumatized Carapace  
  53  7:29  Zerg Missile Weapons Level 1  
  51  7:41  Extractor, Overlord x3  
  51  7:42  Extractor, Queen  
  47  8:01  Spine Crawler x2  
  41  8:09  Drone x7  
  41  8:10  Zergling x4  
  41  8:11  Zergling x2  
  51  8:18  Drone x2  
  51  8:19  Drone  
  54  8:21  Queen  
  56  8:37  Glial Reconstitution  
  56  8:42  Drone x3  
  56  8:43  Drone x2  
  56  8:44  Drone, Hydralisk Den  
  56  8:46  Extractor  
  56  8:47  Extractor  
  59  9:00  Drone x4  
  59  9:01  Drone x2, Overlord x2  
  65  9:10  Zergling x10  
  67  9:24  Zergling x2  
  67  9:25  Zergling x6  
  71  9:32  Drone x2  
  71  9:37  Hydralisk x2  
  77  9:43  Roach x5  
  87  9:47  Muscular Augments  
  87  9:53  Hatchery  
  85  10:10  Hydralisk x4, Roach x3  
  96  10:21  Zergling x2  
  96  10:22  Zergling x6  
  96  10:23  Zergling x6  
  96  10:24  Zerg Missile Weapons Level 2  
  98  10:40  Hydralisk  
  98  10:41  Hydralisk x2, Zergling x6  
  104  10:51  Hydralisk x5  
  114  11:06  Baneling x4  
  114  11:07  Baneling x5  
  114  11:08  Baneling x3  
  114  11:10  Baneling x4  
  114  11:12  Hydralisk x3  
  120  11:21  Overlord  
  120  11:22  Overlord x2  
  120  11:30  Hydralisk x3  
  126  11:33  Overseer x2  
  110  12:01  Roach  
  110  12:02  Hydralisk, Roach x2  
  118  12:11  Hydralisk x2  
  118  12:12  Hydralisk x4, Zergling x10  
  118  12:13  Zergling x10  
Tags
 
Add a new tag
Caveats
  • Supply blocks, unpowered buildings, or Contaminate may cause inaccurate times.
  • Supply counts are checked every 10 seconds.